 Dungeon Crawl Stone Soup version 0.31-a0-4-gefa6de2278 (webtiles) character file.

Game seed: 11754978195088556546

425 Adrian566 the Slasher (level 6, 0/53 HPs)
             Began as a Draconian Fighter on May 3, 2023.
             Succumbed to a killer bee's poison
             ... on level 4 of the Dungeon.
             The game lasted 00:06:32 (3643 turns).

Adrian566 the Slasher (Draconian Fighter)           Turns: 3643, Time: 00:06:32

Health: 0/53       AC: 10    Str: 19 (22) XL:     6   Next: 64%
Magic:  0/6        EV: 12    Int:  6 (7)  God:
Gold:   68         SH:  4    Dex: 10 (12) Spells: 5/5 levels left

rFire   . . .        a - +0 long sword
rCold   . . .        b - +0 buckler
rNeg    . . .        (body armour unavailable)
rPois   .            (helmet restricted)
rElec   +            s - +0 cloak
rCorr   .            (no gloves)
SInv    +            v - +2 pair of boots
Will    +....        g - amulet of guardian spirit
Stlth   +            p - ring of Netaec {rElec Will+ Str+4 Int-2 SInv}
HPRegen 0.28/turn    (no ring)
MPRegen 0.10/turn

%: guardian spirit
@: lethally poisoned (0 -> -1), hasted, very quick
A: AC +6, unfitting armour, cold-blooded
a: no special abilities


You were on level 4 of the Dungeon.
You visited 1 branch of the dungeon, and saw 5 of its levels.

You collected 175 gold pieces.
You spent 107 gold pieces at shops.

Inventory:

Hand Weapons
 a - a +0 long sword (weapon)
Armour
 b - a +0 buckler (worn)
 s - a +0 cloak (worn)
 v - a +2 pair of boots (worn)
Jewellery
 g - an amulet of guardian spirit (around neck)
 p - the ring of Netaec (left hand) {rElec Will+ Str+4 Int-2 SInv}
   (You found it on level 3 of the Dungeon)

   [ring of willpower]

   Str:       It affects your strength (+4).
   Int:       It affects your intelligence (-2).
   rElec:     It insulates you from electricity.
   SInv:      It lets you see invisible.
   Will:      It increases your willpower.
 y - a ring of wizardry
Scrolls
 f - a scroll of magic mapping
 h - 2 scrolls of fog
 m - a scroll of noise
 r - a scroll of vulnerability
Potions
 e - a potion of heal wounds {unknown}
 l - a potion of mutation {unknown}
 n - a potion of flight {unknown}
 o - a potion of ambrosia {unknown}
 q - a potion of resistance {unknown}
 t - a potion of brilliance {unknown}
 u - a potion of magic {unknown}
 x - a potion of attraction
 z - 2 potions of degeneration


   Skills:
 + Level 4.4 Fighting
 + Level 5.0 Long Blades
 + Level 4.0 Dodging
 + Level 1.2 Stealth
 + Level 3.7 Shields


You had 5 spell levels left.
You didn't know any spells.
Your spell library contained the following spells:

 Spells                   Type           Power      Damage    Failure   Level
 Call Canine Familiar     Summ           0%         N/A       88%         3
 Portal Projectile        Hex/Tloc       0%         N/A       88%         3
 Leda's Liquefaction      Hex/Erth       0%         N/A       99%         4


Dungeon Overview and Level Annotations

Branches:
Dungeon (5/15)
 Temple: D:4-7

Altars:
Cheibriados

Shops:
D:3 (*[[


Innate Abilities, Weirdness & Mutations

Your plain brown scales are hard. (AC +6)
You cannot fit into any form of body armour.
You are cold-blooded and may be slowed by cold attacks.


Message History

Okay, then.
You slash the killer bee!
Your tail-slap misses the killer bee.
The killer bee is severely wounded.
You feel sick.
The killer bee stings you but does no damage.
The killer bee closely misses you. The killer bee barely misses you.
You hit the killer bee.
You kill the killer bee!
You feel sick. You block the killer bee's attack.
The killer bee closely misses you. x3
Your Long Blades skill increases to level 5!
You closely miss the killer bee.
The killer bee is severely wounded.
You feel sick. You block the killer bee's attack.
The killer bee completely misses you.
You miss the killer bee.
The killer bee is severely wounded.
You feel sick.
The killer bee stings you but does no damage.
The killer bee barely misses you. The killer bee stings you.
* * * LOW HITPOINT WARNING * * *
The killer bee barely misses you.
You barely miss the killer bee.
The killer bee is severely wounded.
The killer bee stings you but does no damage.
You block the killer bee's attack. The killer bee closely misses you. x2
You miss the killer bee.
The killer bee is severely wounded.
You feel sick.
The killer bee stings you but does no damage.
The killer bee closely misses you.
You barely miss the killer bee.
The killer bee is severely wounded.
You feel sick. You block the killer bee's attack. The killer bee stings you.
* * * LOW HITPOINT WARNING * * *
You block the killer bee's attack. The killer bee stings you!
* * * LOW HITPOINT WARNING * * *
You hit the killer bee.
Your tail-slap misses the killer bee.
The killer bee is almost dead.
You die...

#.#..>.## ####### #...####
#.....# #..## ##.###.#
#..# #...##.# ###..##
##.#.##.#
#.....#######....##..
#.#...##.............
##.#.y.##.#......####.
###....@y.[.#.###.## #.
#...#.......#.# #.# #.
##.#.........#.###.# #.
##.........##.#....)# ##.
#.....#..........#.## #..
#...............###.####..
#.#.##.######.##.#........
#.#....######.............
#..........##.###.####....


You could see 2 killer bees.

Vanquished Creatures
  A killer bee (D:4)
  2 hounds (D:4)
  Crazy Yiuf (D:3)
  3 iguanas (D:4)
  Terence (D:3)
  4 gnolls
  4 adders (D:2)
  A worm (D:2)
  4 dart slugs
  An orc (D:3)
  6 bats
  13 endoplasms
  2 giant cockroaches
  11 goblins
  7 hobgoblins
  16 jackals
  3 quokkas
  9 ball pythons
  4 frilled lizards
  4 kobolds
  5 rats
102 creatures vanquished.

Notes
Turn   | Place    | Note
-------+----------+-------------------------------------------
     0 | D:1      | Adrian566 the Draconian Fighter began the quest for the
                  | Orb.
     0 | D:1      | Reached XP level 1. HP: 19/19 MP: 1/1
   266 | D:1      | Reached XP level 2. HP: 22/26 MP: 2/2
   781 | D:1      | Reached XP level 3. HP: 28/33 MP: 3/3
  1270 | D:2      | Reached skill level 3 in Long Blades
  1275 | D:2      | Reached XP level 4. HP: 38/40 MP: 4/4
  1547 | D:2      | Found a faded altar of an unknown god.
  1752 | D:2      | Reached XP level 5. HP: 39/46 MP: 5/5
  2098 | D:3      | Identified the ring of Netaec {rElec Will+ Str+4 Int-2
                  | SInv}
  2130 | D:3      | Found Nitexu's General Store.
  2137 | D:3      | Noticed Terence
  2152 | D:3      | Killed Terence
  2209 | D:3      | Bought a +0 cloak for 49 gold pieces
  2230 | D:3      | Found Futipriv's Antique Weapon Shop.
  2249 | D:3      | Reached skill level 4 in Long Blades
  2307 | D:3      | Found Vocy's Armour Shoppe.
  2332 | D:3      | Bought a +0 pair of boots for 58 gold pieces
  2405 | D:3      | Found Vetacaoc's Antique Armour Emporium.
  2602 | D:3      | Found a runed translucent door.
  2603 | D:3      | Noticed Crazy Yiuf
  2611 | D:3      | Killed Crazy Yiuf
  2824 | D:4      | Found a snail-covered altar of Cheibriados.
  3083 | D:4      | Reached XP level 6. HP: 42/52 MP: 4/6
  3185 | D:4      | Reached skill level 1 in Stealth
  3620 | D:5      | Entered Level 5 of the Dungeon
  3638 | D:4      | Reached skill level 5 in Long Blades
  3642 | D:4      | HP: 1/53 [killer bee (6)]
  3643 | D:4      | Succumbed to a killer bee's poison

Illustrated notes

Levels and vault maps discovered:
D:1:      matt_arrival_refuge, layout_basic, minmay_door_square
D:2:      layout_rooms, shapermc_ecumenical_altar_venn,
          small_statue_intersection, minmay_pentomino_z2
D:3:      layout_rooms, serial_shops, shop, shop, shop, shop,
          serial_park_tiny_1, dk_noncrumbling_3, kennysheep_generic_room_4,
          uniq_crazy_yiuf_cottage, uniq_terence
D:4:      layout_loops_ring, mainiacjoe_overflow_brackets, kennysheep_crisscross
D:5:      wander_river, layout_cave_pools, nicolae_ossuary_entry_giza

Skill      XL: |  1  2  3  4  5  6 |
---------------+-------------------+-----
Dodging        | 3 4 |  4.0
Long Blades    | 3 4 5 |  5.0
Fighting       | 4 |  4.4
Stealth        | 1 |  1.2
Shields        | |  3.7

Action                     |  1- 3 |  4- 6 || total
---------------------------+-------+-------++-------
  Melee: Long sword        |   107 |   228 ||   335
         Tailslap          |     9 |    26 ||    35
    Use: Potion            |       |     7 ||     7
         Scroll            |       |    12 ||    12
   Stab: Sleeping          |       |     4 ||     4
         Distracted        |       |     1 ||     1
 Armour: Skin              |    28 |   103 ||   131
  Dodge: Dodged            |    66 |   195 ||   261
  Block: Buckler           |    21 |    54 ||    75

Table legend: (Time is in decaauts)
 A = Elapsed time spent in this place.
 B = Non-inter-level travel time spent in this place.
 C = Inter-level travel time spent in this place.
 D = Time resting spent in this place.
 E = Time spent auto-exploring this place.
 F = Levels seen in this place.
 G = Mean time per level.
                   A        B        C        D        E       F      G
               +--------+--------+--------+--------+--------+-----+--------+
         Total |   3728 |   3614 |    114 |    275 |   2555 |   5 |  745.6 |
       Dungeon |   3728 |   3614 |    114 |    275 |   2555 |   5 |  745.6 |
               +--------+--------+--------+--------+--------+-----+--------+

Top non-repeatable levels by time:
     D:1: 1365 daAuts
     D:4: 836 daAuts
     D:3: 776 daAuts
     D:2: 737 daAuts
     D:5: 12 daAuts
